 Dungeon Crawl Stone Soup version 0.26-a0-1038-gfb849e850a (webtiles) character file.

Game seed: 8596081302206309181

8782 ANON1729 the Protected (level 11, -5/69 HPs)
             Began as a Gargoyle Gladiator on Dec 10, 2020.
             Was a Priest of Nemelex Xobeh.
             Killed from afar by a fire giant (16 damage)
             ... with a fireball
             ... on level 10 of the Dungeon on Dec 11, 2020.
             The game lasted 00:16:55 (13037 turns).

ANON1729 the Protected (Gargoyle Gladiator)        Turns: 13037, Time: 00:16:56

Health: -5/69      AC: 31    Str: 18    XL:     11   Next: 36%
Magic:  16/16      EV: 22    Int: 14    God:    Nemelex Xobeh [***...]
Gold:   547        SH:  0    Dex: 11    Spells: 10/10 levels left

rFire    + + .     SeeInvis .   a - +0 quarterstaff
rCold    x x .     Faith    .   (shield currently unavailable)
rNeg     + . .     Spirit   .   w - +0 plate armour
rPois    ∞         Reflect  .   c - +0 helmet
rElec    +         Harm     .   (no cloak)
rCorr    .         Rampage  .   R - +1 pair of gloves {archery}
Will     .....                  Q - +1 pair of boots {Fly}
Stlth    ..........             q - amulet of the acrobat
HPRegen  0.00/turn              G - ring of fire
MPRegen  0.15/turn              O - ring of fire

@: acrobat, flying
A: iridescent scales 1, clever 1, negative energy resistance 1, electricity
resistance, inhibited regeneration, unbreathing, petrification resistance, rot
immunity, AC +8
a: Draw Escape, Draw Destruction, Draw Summoning, Triple Draw, Renounce
Religion, Stop Flying


You were on level 10 of the Dungeon.
You worshipped Nemelex Xobeh.
Nemelex Xobeh was most pleased with you.
You visited 2 branches of the dungeon, and saw 11 of its levels.

You collected 547 gold pieces.

Inventory:

Hand Weapons
 a - a +0 quarterstaff (weapon)
Missiles
 d - 3 throwing nets (quivered)
 t - 231 stones
Armour
 b - a +0 leather armour
 c - a +0 helmet (worn)
 w - a +0 plate armour (worn)
 Q - a +1 pair of boots of flying (worn)
 R - a +1 pair of gloves of archery (worn)
Magical Staves
 S - an uncursed staff of death
Jewellery
 k - an uncursed ring of resist corrosion {unknown}
 o - an uncursed ring of ice
 q - an amulet of the acrobat (around neck)
 E - an uncursed ring of protection from cold
 F - an uncursed ring of fire
 G - a ring of fire (left hand)
 J - a cursed ring of attention {unknown}
 O - a ring of fire (right hand)
Wands
 s - a wand of polymorph (7)
 H - a wand of disintegration (11)
 L - a wand of digging (5)
 M - a wand of enslavement (14)
Scrolls
 g - 2 scrolls of noise {unknown}
 h - 2 scrolls of blinking
 m - 3 scrolls of remove curse
 n - 6 scrolls of teleportation
 p - a scroll of random uselessness {unknown}
 u - 3 scrolls of enchant armour {unknown}
 v - 2 scrolls of fear {unknown}
 x - 3 scrolls of enchant weapon {unknown}
 y - 2 scrolls of amnesia {unknown}
 I - a scroll of magic mapping {unknown}
 N - 4 scrolls of immolation {unknown}
 P - 3 scrolls of identify
 T - a scroll of vulnerability {unknown}
Potions
 e - a potion of might {unknown}
 f - 2 potions of attraction
 i - 2 potions of brilliance {unknown}
 j - 4 potions of heal wounds
 l - 2 potions of berserk rage {unknown}
 r - a potion of curing
 z - 3 potions of mutation
 A - a potion of haste {unknown}
 B - a potion of magic {unknown}
 C - a potion of flight {unknown}
 D - a potion of ambrosia {unknown}
 K - a potion of degeneration {unknown}


   Skills:
 + Level 8.9 Fighting
 * Level 9.3 Staves
 - Level 3.1 Throwing
 * Level 11.0 Armour
 - Level 3.4 Dodging
 + Level 7.2 Invocations


You had 10 spell levels left.
You didn't know any spells.
Your spell library contained the following spells:

 Spells                   Type           Power        Failure   Level
 Corona                   Hex            #......      99%         1
 Foxfire                  Conj/Fire      #...         99%         1
 Slow                     Hex            #.......     100%        2
 Conjure Flame            Conj/Fire      #.......     100%        3
 Inner Flame              Hex/Fire       #.......     100%        3
 Portal Projectile        Hex/Tloc       #.....       100%        3
 Cause Fear               Hex            #.........   100%        4
 Leda's Liquefaction      Hex/Erth       #.........   100%        4
 Sticky Flame             Conj/Fire      #.......     100%        4
 Fireball                 Conj/Fire      #.........   100%        5


Dungeon Overview and Level Annotations

Branches:
Dungeon (10/15)            Temple (1/1) D:5            Lair (0/6) D:9
    Orc (0/2) D:10

Altars:
Ashenzari
Cheibriados
Dithmenos
Elyvilon
Fedhas
Gozag
Hepliaklqana
Kikubaaqudgha
Makhleb
Nemelex Xobeh
Okawaru
Qazlal
Ru
Sif Muna
Trog
Uskayaw
Vehumet
Wu Jian
Xom
Yredelemnul
Zin
The Shining One

Shops:
D:7 :

Annotations:
D:4 1 runed translucent door, Sigmund; Zarkath's ghost, amateur DsDe


Innate Abilities, Weirdness & Mutations

You are resistant to torment.
Your stone body is resilient. (AC +8)
You are immune to poison.
You resist negative energy. (rN+)
You are resistant to electric shocks. (rElec)
You can survive without breathing.
You are immune to petrification.
You are immune to rotting.
You are partially covered in iridescent scales. (AC +2)
Your mind is acute. (Int +2)
You do not regenerate when monsters are visible.


Message History

You hit the fire giant but do no damage.
The fire giant is severely wounded.
The fire giant points at you and mumbles some strange words.
The bolt of fire hits you. You resist.
You hit the fire giant.
The fire giant is severely wounded.
The fire giant hits you with a +0 great sword of flaming.
* * * LOW HITPOINT WARNING * * *
You hit the fire giant.
The fire giant is severely wounded.
The fire giant casts a spell at you. The bolt of fire hits you! You resist.
* * * LOW HITPOINT WARNING * * *
You draw a card...
You have drawn Velocity.
Nothing appears to happen.
The fire giant hits you but does no damage.
You draw a card...
You have drawn the Elements.
The fire giant points at you and mumbles some strange words.
The fireball explodes!
The fireball engulfs you! You resist.
You die...
Your body glows slightly and disappears.

# #####)((# #..#
##########....###### ###..#######
.........#####.....# #...........
.............#############...####
.............# :#). #####
.............# ###.####
.............# #.#.#
.............###l#?#
.............#.#@#Y# ###
..............#.#.# ....####
..............#.#C# ........
###########...###h# ........
#..## #.# ######## #..# ### #
###########..# #
.............######## ######
..................... ......


You could see a fire giant, a friendly raiju (summoned) and a friendly basilisk
(summoned).

Vanquished Creatures
  A two-headed ogre (D:10)
  A deep elf archer (D:10)
  Pikel (D:7)
  A cyclops (D:10)
  2 trolls
  Grinder (D:6)
  A slime creature (D:10)
  2 wyverns
  Eustachio (D:4)
  4 yaks
  Duvessa (D:4)
  3 orc warriors
  2 ice beasts
  A phantom (D:9)
  2 black bears (D:8)
  3 sky beasts
  3 ogres
  3 wolves (D:9)
  2 centaurs
  A big kobold (D:7)
  A bullfrog (D:7)
  Dowan (D:4)
  A water moccasin zombie (D:9)
  3 scorpions
  9 killer bees
  3 howler monkeys
  2 electric eels (D:9)
  9 wights
  8 hounds
  3 bullfrog skeletons
  4 jellies
  3 orc priests
  7 orc wizards
  A centaur skeleton (D:6)
  Jessica (D:2)
  6 worker ants
  2 iguanas
  A hound zombie (D:6)
  2 howler monkey zombies
  3 worker ant zombies
  Robin (D:2)
  A howler monkey skeleton (D:10)
  13 adders
  3 white imps (D:9)
  4 ufetubi
  An ooze (D:1)
  An adder zombie (D:5)
  An adder skeleton (D:10)
  6 worms
  2 dart slugs
  10 leopard geckos
  24 orcs
  7 bats
  6 giant cockroaches
  15 goblins
  8 hobgoblins
  3 jackals (D:3)
  7 kobolds
  2 quokkas
  5 ball pythons
  3 frilled lizards
  A giant cockroach zombie (D:6)
  A jackal skeleton (D:8)
  A quokka zombie (D:5)
  6 rats
238 creatures vanquished.

Notes
Turn   | Place    | Note
-------+----------+-------------------------------------------
     0 | D:1      | ANON1729 the Gargoyle Gladiator began the quest for the
                  | Orb.
     0 | D:1      | Reached XP level 1. HP: 12/12 MP: 1/1
   111 | D:1      | Reached XP level 2. HP: 18/18 MP: 2/2
   565 | D:1      | Reached XP level 3. HP: 22/22 MP: 3/3
  1204 | D:2      | Reached XP level 4. HP: 15/27 MP: 4/4
  1373 | D:2      | Noticed Jessica
  1383 | D:2      | Killed Jessica
  1553 | D:2      | Noticed Robin
  1889 | D:3      | Found an iron altar of Okawaru.
  1924 | D:3      | Reached XP level 5. HP: 32/32 MP: 5/5
  2088 | D:3      | Found a hazy altar of Hepliaklqana.
  2388 | D:3      | Reached XP level 6. HP: 33/38 MP: 6/6
  2451 | D:3      | Found a white marble altar of Elyvilon.
  2627 | D:3      | Found a shimmering blue altar of Sif Muna.
  2815 | D:2      | Killed Robin
  3284 | D:2      | Found a glowing silver altar of Zin.
  3284 | D:2      | Found an opulent altar of Gozag.
  3516 | D:4      | Found a runed translucent door.
  3522 | D:4      | Noticed Zarkath's ghost (amateur DsDe)
  3629 | D:4      | Noticed Eustachio
  3678 | D:4      | Killed Eustachio
  3679 | D:4      | Reached skill level 2 in Armour
  3772 | D:4      | Noticed Dowan
  3774 | D:4      | Noticed Duvessa
  3778 | D:4      | Reached XP level 7. HP: 41/44 MP: 7/7
  3795 | D:4      | Killed Duvessa
  3796 | D:4      | Reached skill level 3 in Armour
  3809 | D:4      | Killed Dowan
  3890 | D:4      | Noticed Sigmund
  3928 | D:5      | Entered Level 5 of the Dungeon
  4142 | D:5      | Found a burning altar of Makhleb.
  4235 | D:5      | Found a staircase to the Ecumenical Temple.
  4288 | Temple   | Entered the Ecumenical Temple
  4502 | Temple   | Became a worshipper of Nemelex Xobeh the Trickster
  4676 | D:5      | Reached skill level 5 in Fighting
  4676 | D:5      | Reached skill level 5 in Staves
  4676 | D:5      | Reached skill level 4 in Armour
  4924 | D:5      | Reached skill level 1 in Invocations
  5190 | D:6      | Reached XP level 8. HP: 47/49 MP: 7/9
  5279 | D:6      | Reached * piety under Nemelex Xobeh
  5319 | D:6      | Reached skill level 5 in Armour
  5407 | D:6      | Found a shimmering blue altar of Sif Muna.
  5593 | D:6      | Received a gift from Nemelex Xobeh
  5776 | D:6      | Noticed Grinder
  5804 | D:6      | Killed Grinder
  5805 | D:6      | Reached skill level 6 in Armour
  6272 | D:7      | Reached XP level 9. HP: 55/55 MP: 11/11
  6481 | D:7      | Reached skill level 7 in Armour
  6551 | D:7      | Reached ** piety under Nemelex Xobeh
  6631 | D:7      | Found a blossoming altar of Fedhas.
  6643 | D:7      | Found Xyrujelu's Book Emporium.
  6839 | D:7      | Noticed Pikel
  6859 | D:7      | Killed Pikel
  7281 | D:8      | HP: 1/56 [orc warrior/+0 trident (9)]
  7881 | D:7      | Reached skill level 8 in Armour
  8619 | D:8      | Reached skill level 5 in Invocations
  8626 | D:8      | Noticed a two-headed ogre
  8648 | D:7      | Banished a two-headed ogre
  8649 | D:7      | Reached skill level 9 in Armour
  8649 | D:7      | Reached XP level 10. HP: 30/63 MP: 12/14
  8974 | D:8      | Found a glowing golden altar of the Shining One.
  9874 | D:9      | Found a shadowy altar of Dithmenos.
 10469 | D:8      | Reached skill level 10 in Armour
 10808 | D:9      | Received a gift from Nemelex Xobeh
 10809 | D:9      | Reached *** piety under Nemelex Xobeh
 10819 | D:9      | Found a staircase to the Lair.
 11372 | D:9      | Reached XP level 11. HP: 59/69 MP: 14/16
 11690 | D:10     | Entered Level 10 of the Dungeon
 11740 | D:10     | Found a staircase to the Orcish Mines.
 12019 | D:10     | Received a gift from Nemelex Xobeh
 12033 | D:10     | Noticed a cyclops
 12034 | D:10     | Noticed a deep elf archer
 12048 | D:10     | Killed a cyclops
 12050 | D:10     | Gained mutation: You do not regenerate when monsters are
                  | visible. [potion of mutation]
 12050 | D:10     | Gained mutation: You are partially covered in iridescent
                  | scales. (AC +2) [potion of mutation]
 12050 | D:10     | Gained mutation: Your mind is acute. (Int +2) [potion of
                  | mutation]
 12066 | D:10     | Killed a deep elf archer
 12482 | D:10     | Noticed a two-headed ogre
 12511 | D:10     | Killed a two-headed ogre
 12847 | D:10     | Reached skill level 11 in Armour
 13006 | D:10     | Noticed a fire giant
 13037 | D:10     | Killed from afar by a fire giant

Illustrated notes

Levels and vault maps discovered:
D:1:      tarquinn_simple_flora_water_f, layout_basic
D:2:      layout_loops_cross, grunt_temple_overflow_gold_and_silver,
          st_stairs_9, minmay_circle_x, uniq_jessica, uniq_robin
D:3:      layout_rooms, nicolae_overflow_hidden_temple, elyvilon_altar_3,
          nicolae_overflow_crystal_walls, lemuel_blue_sif_altar
D:4:      kennysheep_six_static_rooms, layout_basic, ebering_ghost_sewer_f,
          uniq_eustachio, uniq_duvessa, uniq_menkaure, uniq_sigmund
D:5:      layout_basic, minmay_temple_entry_butterflies, basic_altar
D:6:      layout_loops_ring, basic_altar, uniq_grinder
D:7:      layout_loops_corners, lemuel_crystal_altar, serial_shops,
          shop_fountains, minmay_misc_feat_enclosed, uniq_pikel
D:8:      layout_loops_ring, overflow_temple_1_default, hangedman_decor_points,
          serial_park_tiny_1
D:9:      layout_cave_pools, erik_lair_island, grunt_dithmenos_smoke
D:10:     minmay_chopped_fan, layout_long_grid, orc_0_dummy, grunt_ministairs_11
Temple:   regret_index_temple_generic_petals

Skill      XL: |  1  2  3  4  5  6  7  8  9 10 11 |
---------------+----------------------------------+-----
Throwing       | 2 3 |  3.1
Fighting       | 3 4 5 6 7 8 |  8.9
Dodging        | 3 |  3.4
Staves         | 4 5 6 7 8 9 |  9.3
Armour         | 2 4 6 9 10 11 | 11.0
Invocations    | 1 3 5 6 7 |  7.2

Action                   |  1- 3 |  4- 6 |  7- 9 | 10-12 || total
-------------------------+-------+-------+-------+-------++-------
Melee: Quarterstaff      |   102 |   299 |   462 |   635 ||  1498
       Unarmed           |       |       |    18 |       ||    18
Invok: Draw Destruction  |       |       |     1 |       ||     1
       Draw Escape       |       |       |     2 |     1 ||     3
       Draw Summoning    |       |       |       |     1 ||     1
Evoke: Wand              |       |       |       |     1 ||     1
  Use: Potion            |       |     1 |       |     3 ||     4
       Scroll            |       |       |     5 |       ||     5
Armor: Leather armour    |    46 |   123 |       |       ||   169
       Plate armour      |       |    78 |   320 |   577 ||   975
Dodge: Dodged            |    94 |   254 |   181 |   352 ||   881

Table legend: (Time is in decaauts)
 A = Elapsed time spent in this place.
 B = Non-inter-level travel time spent in this place.
 C = Inter-level travel time spent in this place.
 D = Time resting spent in this place.
 E = Time spent auto-exploring this place.
 F = Levels seen in this place.
 G = Mean time per level.
                   A        B        C        D        E       F      G
               +--------+--------+--------+--------+--------+-----+--------+
         Total |  13029 |  12686 |    343 |   3032 |   7133 |  11 | 1184.5 |
       Dungeon |  12775 |  12471 |    304 |   3032 |   6924 |  10 | 1277.5 |
        Temple |    253 |    214 |     39 |      0 |    209 |   1 |  253.0 |
               +--------+--------+--------+--------+--------+-----+--------+

Top non-repeatable levels by time:
     D:7: 2379 daAuts
     D:8: 2005 daAuts
    D:10: 1316 daAuts
     D:3: 1252 daAuts
     D:6: 1206 daAuts
     D:2: 1189 daAuts
     D:1: 1095 daAuts
     D:5: 981 daAuts
     D:9: 910 daAuts
     D:4: 437 daAuts
  Temple: 253 daAuts
